 Dungeon Sprint DCSS version 0.28.0-43-g3370ac3207 (webtiles) character file.

Game seed: 12619016358328095266

5410 boopmooplesden the Severer (level 10, -3/104 HPs)
             Began as a Minotaur Fighter on Feb 28, 2022.
             Was a Follower of Okawaru.
             Killed by drain life
             ... invoked by a soul eater
             ... summoned by an orc sorcerer
              (14 damage)
             ... in the Dungeon (Sprint II: "The Violet Keep of Menkaure").
             The game lasted 00:05:51 (2469 turns).

boopmooplesden the Severer (Minotaur Fighter)       Turns: 2469, Time: 00:05:51

Health: -3/104     AC: 14    Str: 20    XL:     10   Next: 40%
Magic:  8/9        EV: 13    Int:  5    God:    Okawaru [*.....]
Gold:   640        SH:  7    Dex: 16    Spells: 9/9 levels left

rFire   . . .      SeeInvis .   a - +0 war axe
rCold   . . .      Faith    .   c - +0 buckler
rNeg    . . .      Spirit   .   d - +2 scale mail of Asuloutz {Int-2 Dex+3 Stlth+}
rPois   +          Reflect  .   p - +0 hat
rElec   .          Harm     .   (no cloak)
rCorr   .          Rampage  .   (no gloves)
Will    +....      Rage     1%  k - +1 pair of boots "Jaajat" {Fly rPois Will+}
Stlth   ++........ NoTele   +   (no amulet)
HPRegen 0.27/turn               (no ring)
MPRegen 0.11/turn               (no ring)

@: on berserk cooldown, flying, slowed, very slow
A: horns 2, retaliatory headbutt, berserk 1, MP-powered wands
a: Renounce Religion, Heroism


You were in the Dungeon.
You worshipped Okawaru.
Okawaru was aware of your devotion.
You visited 1 branch You collected 1196 gold pieces.
You spent 556 gold pieces at shops.

Inventory:

Hand Weapons
 a - a +0 war axe (weapon)
Missiles
 b - 6 boomerangs (quivered)
Armour
 c - a +0 buckler (worn)
 d - the +2 scale mail of Asuloutz (worn) {Int-2 Dex+3 Stlth+}
   (You bought it in a shop in the Dungeon)

   Int:       It affects your intelligence (-2).
   Dex:       It affects your dexterity (+3).
   Stlth:     It makes you more stealthy.
 k - the +1 pair of boots "Jaajat" (worn) {Fly rPois Will+}
   (You bought it in a shop in the Dungeon)

   rPois:     It protects you from poison.
   Fly:       It grants you flight.
   Will:      It increases your willpower.
 l - a +2 leather armour of cold resistance
 p - a +0 hat (worn)
Scrolls
 f - 5 scrolls of identify
 j - a scroll of blinking
Potions
 e - 2 potions of curing
 g - a potion of haste
 h - 6 potions of magic
 i - 2 potions of mutation
 m - 2 potions of resistance
 n - 2 potions of attraction {unknown}
 o - a potion of lignification {unknown}
 q - a potion of ambrosia {unknown}
 t - 4 potions of flight {unknown}
 u - a potion of brilliance {unknown}


   Skills:
 + Level 14.6 Fighting
 + Level 17.3 Axes
 + Level 13.6 Armour
 + Level 6.5 Dodging
 + Level 4.5 Stealth
 + Level 11.7 Shields
 + Level 0.8 Invocations


You had 9 spell levels left.
You didn't know any spells.
Your spell library was empty.

Dungeon Overview and Level Annotations

Branches:
Dungeon (1/1)

Altars:
Cheibriados
Dithmenos
Elyvilon
Fedhas
Gozag
Hepliaklqana
Kikubaaqudgha
Makhleb
Nemelex Xobeh
Okawaru
Qazlal
Ru
Sif Muna
Trog
Uskayaw
Vehumet
Wu Jian
Xom
Yredelemnul
Zin
The Shining One
Beogh
Jiyva
Lugonu

Shops:
D :*:![=:?!=[=([?!:

Annotations:
D exclusions: obsidian statue, oklob plant and orange crystal statue


Innate Abilities, Weirdness & Mutations

You have a pair of horns on your head.
You reflexively headbutt those who attack you in melee.
You tend to lose your temper in combat.
You expend magic power (3 MP) to strengthen your wands.


Message History

The dire elephant is heavily wounded.
The orc sorcerer casts a spell.
You block the dire elephant's attack.
The dire elephant trunk-slaps you but does no damage.
You slice the dire elephant!!
You headbutt the dire elephant, but do no damage.
The dire elephant is heavily wounded.
You block the dire elephant's attack. The dire elephant barely misses you.
The orc sorcerer jeers loudly.
The orc sorcerer mumbles some strange words.
You hit the dire elephant but do no damage.
You headbutt the dire elephant.
The dire elephant is heavily wounded.
You block the dire elephant's attack. The dire elephant trunk-slaps you.
You slash the dire elephant! You headbutt the dire elephant!
The dire elephant is severely wounded.
The dire elephant tramples you!!
* * * LOW HITPOINT WARNING * * *
You are shoved backwards!
You hit the dire elephant.
You headbutt the dire elephant, but do no damage.
The dire elephant is severely wounded.
You feel like a meek peon again. The dire elephant closely misses you.
The dire elephant barely misses you.
You barely miss the dire elephant.
The dire elephant is severely wounded.
The orc sorcerer mumbles some strange words.
The dire elephant tramples you!
* * * LOW HITPOINT WARNING * * *
You hold your ground!
The dire elephant trunk-slaps you.
* * * LOW HITPOINT WARNING * * *
You hit the dire elephant.
The dire elephant is almost dead.
The orange demon disappears in a puff of smoke!
You block the dire elephant's attack. The dire elephant closely misses you.
You hit the dire elephant but do no damage.
The dire elephant is severely wounded.
The orange demon disappears in a puff of smoke!
The soul eater draws from the surrounding life force!
You die...

,,,##≈≈≈§§≈≈≈≈##≈≈≈≈≈≈≈##########
,,,###≈≈≈§§≈≈###########≈≈≈≈≈≈≈≈≈
,,,#∩####+####≈≈≈≈≈§§###≈########
,,##....#####≈≈≈≈○≈°≈§##≈#,,,,,,#
,*#∩....^..+§≈°≈≈≈≈≈≈≈≈'≈#,,,,,,*
**########.##≈°°≈≈≈≈≈≈####,,,,,,+
,).).}ooo#..##≈≈≈SS§§#####|[,,,,*
##########...#########o4..|$,,,,*
^............'.'@Y33§oo3..)$,,,,*
############################*****


You could see a dire elephant, a soul eater (summoned), an ice devil (summoned),
a sixfirhy (summoned), a smoke demon (summoned), 3 orc sorcerers and 2 lava
snakes.

Vanquished Creatures
  Gastronok (D)
  3 sixfirhies (D)
  A yaktaur (D)
  3 polar bears (D)
  A hornet (D)
  2 wyverns (D)
  4 neqoxecs (D)
  Menkaure (D)
  4 water moccasins (D)
  4 necrophages (D)
  A jelly (D)
  A hell rat (D)
  3 worms (D)
29 creatures vanquished.

Vanquished Creatures (others)
  24 tentacles (D)
24 creatures vanquished.

Grand Total: 53 creatures vanquished

Notes
Turn   | Place    | Note
-------+----------+-------------------------------------------
     0 | D        | boopmooplesden the Minotaur Fighter began the quest for the
                  | Orb.
     0 | D        | Reached XP level 1. HP: 19/19 MP: 0/0
    15 | D        | Noticed an obsidian statue
    24 | D        | Reached XP level 2. HP: 16/28 MP: 1/1
   159 | D        | Noticed a neqoxec
   159 | D        | Noticed a neqoxec
   159 | D        | Noticed a neqoxec
   159 | D        | Noticed a neqoxec
   160 | D        | Gained mutation: You are frail. (-10% HP) [a neqoxec]
   165 | D        | Killed a neqoxec
   166 | D        | Reached skill level 5 in Axes
   166 | D        | Reached XP level 3. HP: 26/35 MP: 2/2
   166 | D        | Reached XP level 4. HP: 32/42 MP: 3/3
   166 | D        | Reached XP level 5. HP: 35/46 MP: 4/4
   169 | D        | Killed a neqoxec
   170 | D        | Reached skill level 7 in Axes
   170 | D        | Reached XP level 6. HP: 38/55 MP: 5/5
   170 | D        | Gained mutation: You sometimes lose the ability to read
                  | scrolls when taking damage. [a neqoxec]
   174 | D        | Killed a neqoxec
   175 | D        | Reached skill level 8 in Axes
   180 | D        | Gained mutation: You tend to lose your temper in combat. [a
                  | neqoxec]
   181 | D        | Killed a neqoxec
   182 | D        | Reached skill level 9 in Axes
   182 | D        | Reached skill level 10 in Armour
   182 | D        | Reached XP level 7. HP: 20/63 MP: 6/6
   395 | D        | Noticed a wyvern
   395 | D        | Noticed a wyvern
   398 | D        | Killed a wyvern
   399 | D        | Reached skill level 10 in Fighting
   399 | D        | Reached skill level 10 in Axes
   402 | D        | Killed a wyvern
   459 | D        | Reached skill level 11 in Axes
   473 | D        | Reached XP level 8. HP: 35/73 MP: 7/7
   475 | D        | Reached skill level 12 in Axes
   675 | D        | Found Vaerr's Antique Armour Emporium.
   676 | D        | Found Nul Aty's Distillery.
   676 | D        | Found Moenaep's Magic Scroll Emporium.
   676 | D        | Found Jaqecyet's Antique Armour Shoppe.
   676 | D        | Found Erapaloh's Book Shoppe.
   676 | D        | Found Fuv Zide's Armour Shoppe.
   676 | D        | Found Aleajof's Distillery.
   676 | D        | Found Cassie Bism's Antique Weapon Shoppe.
   676 | D        | Found Ironiget's Magic Scroll Shoppe.
   676 | D        | Found Yprezeif's Jewellery Emporium.
   677 | D        | Found Xaclohom's Book Shoppe.
   677 | D        | Found Duckaon's Jewellery Shoppe.
   677 | D        | Found Dubitauk's Jewellery Emporium.
   677 | D        | Found Dichuic's Assorted Antiques.
   677 | D        | Noticed Menkaure
   677 | D        | Noticed a cane toad
   689 | D        | Killed Menkaure
   690 | D        | Reached skill level 1 in Dodging
   692 | D        | Noticed a cane toad
   692 | D        | Noticed an oklob plant
   693 | D        | Found Niv Dut's Book Shoppe.
   708 | D        | Bought a slimy scale mail for 216 gold pieces
   708 | D        | Identified the +2 scale mail of Asuloutz {Int-2 Dex+3
                  | Stlth+} (You bought it in a shop in the Dungeon)
   723 | D        | Bought the +1 pair of boots "Jaajat" {Fly rPois Will+} for
                  | 340 gold pieces
   962 | D        | Reached skill level 13 in Axes
   969 | D        | Noticed an orange crystal statue
   981 | D        | Found a glowing golden altar of the Shining One.
   981 | D        | Found a shimmering altar of Xom.
   987 | D        | Found a glowing silver altar of Zin.
   987 | D        | Found a basalt altar of Yredelemnul.
   987 | D        | Found a bloodstained altar of Trog.
   987 | D        | Found an ornate altar of the Wu Jian Council.
   987 | D        | Found a shimmering blue altar of Sif Muna.
   987 | D        | Found a sacrificial altar of Ru.
   987 | D        | Found an ancient bone altar of Kikubaaqudgha.
   987 | D        | Found a viscous altar of Jiyva.
   987 | D        | Found a hazy altar of Hepliaklqana.
   987 | D        | Found a snail-covered altar of Cheibriados.
   988 | D        | Found a hide-covered altar of Uskayaw.
   988 | D        | Found a corrupted altar of Lugonu.
   988 | D        | Found a stormy altar of Qazlal.
   988 | D        | Found a shadowy altar of Dithmenos.
   994 | D        | Found a white marble altar of Elyvilon.
   994 | D        | Found a burning altar of Makhleb.
   994 | D        | Found a radiant altar of Vehumet.
   995 | D        | Noticed a polar bear
  1011 | D        | Killed a polar bear
  1012 | D        | Reached skill level 1 in Stealth
  1012 | D        | Reached skill level 10 in Shields
  1013 | D        | Found a blossoming altar of Fedhas.
  1014 | D        | Found an opulent altar of Gozag.
  1016 | D        | Noticed a yaktaur
  1016 | D        | Noticed a hornet
  1016 | D        | Noticed a polar bear
  1016 | D        | Noticed a polar bear
  1021 | D        | Killed a polar bear
  1022 | D        | Reached skill level 14 in Axes
  1026 | D        | Killed a hornet
  1027 | D        | Reached XP level 9. HP: 81/81 MP: 8/8
  1037 | D        | Killed a polar bear
  1041 | D        | Killed a yaktaur
  1042 | D        | Reached skill level 15 in Axes
  1052 | D        | Found a sparkling altar of Nemelex Xobeh.
  1053 | D        | Found an iron altar of Okawaru.
  1067 | D        | Became a worshipper of Warmaster Okawaru
  1194 | D        | Noticed a kraken
  1393 | D        | Lost mutation: You sometimes lose the ability to read
                  | scrolls when taking damage. [potion of mutation]
  1393 | D        | Lost mutation: You are frail. (-10% HP) [potion of
                  | mutation]
  1393 | D        | Gained mutation: You expend magic power (3 MP) to
                  | strengthen your wands. [potion of mutation]
  1723 | D        | Noticed a sixfirhy
  1726 | D        | Noticed a sixfirhy
  1726 | D        | Noticed a sixfirhy
  1730 | D        | Found Nany's Book Shoppe.
  1731 | D        | Found Gup Gory's Distillery.
  2208 | D        | Killed a sixfirhy
  2209 | D        | Reached skill level 16 in Axes
  2215 | D        | Killed a sixfirhy
  2215 | D        | Reached * piety under Okawaru
  2216 | D        | Reached skill level 5 in Dodging
  2222 | D        | Killed a sixfirhy
  2223 | D        | Reached XP level 10. HP: 49/103 MP: 6/9
  2424 | D        | Noticed Gastronok
  2433 | D        | Killed Gastronok
  2434 | D        | Reached skill level 17 in Axes
  2451 | D        | Noticed a dire elephant
  2451 | D        | Noticed an orc sorcerer
  2451 | D        | Noticed an orc sorcerer
  2451 | D        | Noticed an orc sorcerer
  2454 | D        | Noticed an orange demon
  2455 | D        | Noticed an orange demon
  2455 | D        | Noticed a smoke demon
  2460 | D        | Noticed a sixfirhy
  2463 | D        | Noticed a soul eater
  2469 | D        | Killed from afar by a soul eater

Illustrated notes

Levels and vault maps discovered:
D:        the_violet_keep_of_menkaure [sprint2_stairs_cluster_1,
          sprint2_shoproom, sprint2_temple, sprint2_basic_supplies,
          sprint2_obstacle_4, sprint2_obstacle_5, sprint2_obstacle_3,
          sprint2_obstacle_2, sprint2_obstacle_1, sprint2_timed_cluster_1,
          sprint2_smallroom_cluster_1, sprint2_smallroom_final_cluster_1,
          sprint2_transparent_cluster_1, sprint2_second_timed_cluster_1,
          sprint2_sniper_area_1, sprint2_heavy_combat_area_1,
          sprint2_mutation_trap_area_1, sprint2_forest_area_1,
          sprint2_light_combat_area_1, sprint2_behind_water_1,
          sprint2_near_end_vault_1]

Skill      XL: |  1  2  3  4  5  6  7  8  9 10 |
---------------+-------------------------------+-----
Fighting       | 4 7 8 9 11 12 14 | 14.6
Armour         | 4 7 8 10 11 12 13 | 13.6
Shields        | 4 6 7 8 9 10 11 | 11.7
Axes           | 5 7 9 11 14 16 17 | 17.3
Dodging        | 2 5 6 |  6.5
Stealth        | 1 3 4 |  4.5
Invocations    | |  0.8

Action                   |  1- 3 |  4- 6 |  7- 9 | 10-12 || total
-------------------------+-------+-------+-------+-------++-------
Melee: War axe           |    15 |    16 |   120 |    22 ||   173
       Headbutt          |     4 |     1 |    23 |    11 ||    39
Invok: Heroism           |       |       |     1 |     2 ||     3
  Use: Potion            |     1 |       |     4 |       ||     5
       Scroll            |       |       |     7 |       ||     7
 Stab: Sleeping          |       |       |     2 |       ||     2
Armor: Scale mail        |     1 |     1 |    47 |     7 ||    56
Dodge: Dodged            |     2 |     4 |    49 |    11 ||    66
Block: Buckler           |     3 |     1 |    44 |     7 ||    55
